Map: 2000 Atmospheres LE

Players

PtitDrogo

  • Race: Protoss Protoss
  • League: Grandmaster

BlyOnFire (Bly) - Winner!

  • Race: Zerg Zerg
  • League: Grandmaster

Event: DreamHack SC2 Masters 2021 Summer

VOD

Have the link to the VOD?

Description

Time

  • Played on: May 19, 2021, 10:27 a.m.
  • Length: 15:24

All games in this series

Show
View Real Time Build Order
Export as new Build Order

PtitDrogo Protoss 

Build Orders: 1 Gate Expand, Oracle Opening 

Get SALT Encoding   

  12  0:00  Probe  
  13  0:12  Probe  
  14  0:19  Pylon  
  14  0:24  Probe  
  15  0:37  Probe (Chrono Boost)  
  15  0:40  Gateway  
  16  0:46  Probe (Chrono Boost)  
  17  0:50  Assimilator  
  17  0:52  Probe  
  18  1:04  Probe  
  19  1:16  Probe  
  20  1:26  Nexus  
  20  1:37  Cybernetics Core  
  21  1:40  Probe  
  21  1:46  Assimilator  
  21  1:55  Pylon  
  21  1:56  Probe  
  22  2:08  Probe  
  23  2:11  Adept (Chrono Boost)  
  25  2:20  Probe  
  25  2:21  Stargate  
  26  2:27  Warp Gate  
  26  2:31  Adept (Chrono Boost)  
  26  2:32  Probe  
  29  2:38  Probe (Chrono Boost)  
  30  2:49  Probe (Chrono Boost)  
  30  2:50  Probe (Chrono Boost)  
  32  2:57  Probe (Chrono Boost)  
  34  2:58  Probe (Chrono Boost)  
  34  2:59  Adept  
  34  3:04  Probe  
  37  3:07  Oracle (Chrono Boost)  
  37  3:09  Probe  
  41  3:15  Pylon  
  41  3:16  Probe  
  42  3:21  Probe  
  42  3:22  Gateway  
  43  3:29  Probe  
  44  3:35  Oracle (Chrono Boost)  
  44  3:36  Probe  
  48  3:41  Pylon  
  48  3:44  Adept  
  48  3:45  Probe  
  48  3:48  Probe  
  52  4:00  Nexus  
  52  4:01  Probe  
  52  4:02  Probe  
  54  4:07  Oracle  
  57  4:14  Shield Battery  
  57  4:15  Probe  
  57  4:16  Probe  
  59  4:19  Pylon  
  59  4:21  Adept  
  61  4:26  Assimilator  
  61  4:28  Probe, Assimilator  
  62  4:37  Probe  
  63  4:40  Probe  
  63  4:41  Sentry  
  63  4:43  Pylon  
  66  4:49  Probe  
  67  4:56  Probe  
  67  4:59  Sentry  
  70  5:02  Probe, Forge  
  71  5:08  Gateway  
  71  5:11  Gateway  
  71  5:12  Gateway  
  71  5:13  Probe (Chrono Boost)  
  72  5:15  Probe (Chrono Boost)  
  72  5:17  Twilight Council  
  72  5:19  Probe (Chrono Boost)  
  74  5:25  Probe (Chrono Boost)  
  74  5:27  Probe (Chrono Boost)  
  74  5:28  Gateway  
  76  5:30  Sentry  
  76  5:31  Probe (Chrono Boost)  
  76  5:34  Probe (Chrono Boost), Pylon  
  76  5:35  Probe (Chrono Boost)  
  81  5:44  Protoss Ground Weapons Level 1  
  81  5:51  Probe x2  
  81  5:52  Assimilator  
  81  5:56  Assimilator  
  83  5:57  Probe  
  83  6:00  Robotics Facility  
  83  6:02  Blink (Chrono Boost)  
  83  6:03  Probe x2  
  86  6:09  Probe  
  86  6:10  Shield Battery  
  87  6:14  Gateway, Sentry  
  87  6:15  Probe x2, Gateway  
  87  6:16  Gateway  
  91  6:22  Probe  
  91  6:23  Pylon, Stalker x3  
  91  6:25  Pylon  
  98  6:35  Stalker  
  98  6:37  Probe  
  101  6:41  Probe x2  
  103  6:48  Observer (Chrono Boost)  
  103  6:49  Robotics Bay  
  103  6:50  Robotics Facility  
  103  6:53  Pylon, Zealot x3  
  103  6:54  Dark Shrine  
  110  7:06  Stalker x2  
  110  7:08  Stalker  
  116  7:10  Nexus  
  113  7:27  Shield Battery  
  114  7:30  Probe, Pylon  
  114  7:31  Stalker x2  
  114  7:32  Stalker x3  
  114  7:34  Probe  
  123  7:45  Disruptor x2 (Chrono Boost), Pylon  
  123  7:47  Pylon  
  123  7:48  Pylon x2  
  129  7:54  Stalker  
  129  7:57  Stalker  
  133  8:06  Probe  
  133  8:08  Dark Templar  
  133  8:11  Disruptor (Chrono Boost)  
  133  8:12  Stalker x2  
  140  8:19  Photon Cannon  
  146  8:21  Disruptor (Chrono Boost)  
  146  8:22  Photon Cannon  
  146  8:28  Probe x4  
  150  8:39  Disruptor  
  150  8:40  Probe x4, Protoss Ground Weapons Level 2 (Chrono Boost)  
  153  8:41  Assimilator  
  153  8:43  Assimilator  
  153  8:49  Disruptor  
  153  8:52  Probe x2, Stalker x4  
  166  8:55  Probe  
  166  8:59  Gateway x2  
  165  9:07  Probe  
  165  9:08  Probe  
  150  9:15  Probe x2  
  152  9:18  Dark Templar x2  
  152  9:19  Zealot x4, Dark Templar  
  166  9:26  Archon  
  166  9:27  Dark Templar  
  166  9:29  Probe  
  169  9:40  Probe  
  169  9:42  Pylon  
  169  9:44  Probe  
  169  9:45  Pylon  
  171  9:51  Nexus  
  167  9:53  Pylon  
  167  9:56  Stalker x6  
  177  10:02  Archon  
  177  10:03  Disruptor x2 (Chrono Boost)  
  174  10:07  Probe  
  173  10:29  Stalker x6  
  173  10:31  Disruptor x2  
  186  10:46  Dark Templar  
  186  10:47  Stalker x4  
  188  10:50  Photon Cannon  
  188  10:52  Photon Cannon  
  188  10:53  Shield Battery  
  188  10:56  Assimilator  
  188  10:58  Assimilator  
  188  10:59  Zealot x6  
  199  11:05  Stargate  
  199  11:07  Pylon  
  199  11:08  Fleet Beacon  
  199  11:12  Fleet Beacon  
  199  11:13  Probe  
  161  11:26  Stalker x7  
  161  11:31  Disruptor (Chrono Boost)  
  166  11:38  Probe  
  166  11:39  Probe x3  
  166  11:40  Disruptor (Chrono Boost)  
  178  12:06  Carrier (Chrono Boost)  
  178  12:13  Carrier (Chrono Boost)  
  162  12:19  Dark Templar  
  162  12:20  Disruptor (Chrono Boost), Dark Templar  
  172  12:26  Probe  
  172  12:27  Probe  
  172  12:29  Stalker  
  176  12:32  Probe  
  176  12:34  Probe  
  176  12:35  Pylon  
  176  12:36  Pylon  
  169  12:39  Probe  
  160  12:49  Zealot x7  
  160  12:50  Probe, Zealot  
  167  12:52  Probe  
  167  12:56  Observer x2 (Chrono Boost)  
  166  12:59  Probe  
  166  13:03  Zealot x2  
  164  13:09  Probe  
  164  13:10  Probe  
  156  13:27  Probe  
  131  13:35  Zealot x2  
  131  13:36  Zealot x3  
  131  13:40  Zealot x2  
  141  13:48  Zealot x2  
  132  13:54  Dark Templar  
  125  14:01  Dark Templar  
  124  14:06  Dark Templar  
  123  14:28  Stalker x2  
  88  14:47  Stalker x4  
  90  15:04  Probe  
  87  15:08  Stalker  
  87  15:10  Dark Templar x2  
Show
View Real Time Build Order
Export as new Build Order

BlyOnFire Zerg - Winner!

Build Orders: Hatch First, Brood Lord Corruptor, Swarm Host 

Get SALT Encoding   

  12  0:00  Drone  
  13  0:12  Overlord  
  13  0:16  Drone  
  14  0:30  Drone x2  
  16  0:48  Hatchery  
  15  0:52  Drone  
  15  0:55  Drone  
  17  0:58  Drone  
  18  1:08  Extractor  
  17  1:14  Spawning Pool  
  16  1:19  Drone  
  16  1:22  Drone  
  18  1:28  Drone  
  19  1:38  Drone  
  20  1:48  Overlord  
  20  2:00  Queen  
  22  2:01  Queen, Zergling x4  
  26  2:10  Drone  
  26  2:11  Drone  
  26  2:14  Metabolic Boost  
  28  2:24  Drone x2  
  30  2:33  Drone x2  
  32  2:43  Hatchery  
  31  2:47  Zergling x4  
  33  2:56  Drone x2  
  35  3:02  Extractor, Queen  
  35  3:04  Overlord  
  36  3:14  Overlord  
  36  3:21  Overlord  
  36  3:24  Drone x3  
  36  3:26  Queen  
  41  3:31  Drone x2  
  43  3:37  Zergling x2  
  44  3:42  Spore Crawler  
  44  3:43  Zergling x2  
  44  3:44  Drone x3  
  47  3:49  Drone x3  
  47  3:54  Queen  
  52  3:59  Spore Crawler  
  52  4:01  Drone x3  
  53  4:05  Spore Crawler  
  53  4:06  Drone x3  
  55  4:13  Queen  
  55  4:15  Drone x2  
  59  4:20  Lair  
  59  4:27  Zergling x6  
  59  4:28  Zergling x2  
  63  4:38  Overlord  
  62  4:41  Drone x2  
  62  4:42  Drone  
  62  4:43  Overlord x2  
  62  4:44  Roach Warren  
  64  4:50  Overlord  
  64  4:54  Overlord  
  64  4:57  Overlord  
  64  4:59  Overlord  
  64  5:00  Extractor  
  64  5:02  Extractor  
  62  5:07  Overlord  
  62  5:08  Drone x4  
  62  5:09  Extractor  
  62  5:10  Drone  
  62  5:11  Drone x3  
  69  5:18  Drone x6  
  75  5:24  Glial Reconstitution  
  75  5:26  Drone  
  75  5:27  Drone x2  
  78  5:30  Drone  
  78  5:33  Drone x3  
  82  5:41  Queen  
  80  5:44  Overlord  
  80  5:45  Overlord  
  77  5:50  Drone x2  
  77  5:51  Drone x2  
  77  5:52  Drone x4  
  77  5:53  Extractor  
  77  5:54  Extractor  
  83  5:59  Queen x2  
  87  6:05  Infestation Pit  
  87  6:08  Drone  
  87  6:09  Drone x2  
  89  6:16  Evolution Chamber  
  89  6:18  Drone x3  
  91  6:23  Roach x3  
  97  6:27  Hatchery  
  97  6:28  Roach x2  
  100  6:36  Roach x2  
  100  6:37  Roach x3  
  110  6:42  Overseer  
  110  6:43  Hatchery  
  110  6:44  Overlord  
  109  6:47  Zerg Missile Weapons Level 1  
  109  6:48  Drone x4  
  113  6:55  Ravager x4  
  113  6:56  Ravager x2  
  113  6:57  Zergling x12  
  124  7:08  Overlord  
  124  7:12  Zergling x2  
  124  7:13  Zergling x16  
  133  7:19  Overlord  
  133  7:24  Overlord  
  133  7:34  Swarm Host x7  
  154  7:40  Spire  
  152  7:47  Overlord  
  152  7:48  Swarm Host x2  
  152  7:49  Swarm Host x2  
  152  7:50  Swarm Host  
  167  7:56  Hatchery  
  166  8:02  Roach x4  
  166  8:03  Roach  
  176  8:16  Drone, Infestor  
  176  8:17  Drone x4  
  176  8:19  Baneling Nest  
  182  8:20  Extractor  
  182  8:22  Extractor  
  179  8:35  Overlord x2  
  179  8:36  Hive  
  179  8:38  Drone x4  
  179  8:39  Drone x2  
  179  8:40  Pneumatized Carapace  
  181  8:47  Drone x3  
  182  8:49  Spore Crawler  
  180  9:07  Ravager x9  
  189  9:11  Baneling x5  
  188  9:18  Zergling x14  
  188  9:19  Zergling x8  
  188  9:21  Spore Crawler  
  188  9:23  Spine Crawler  
  197  9:26  Spine Crawler, Centrifical Hooks  
  196  9:33  Baneling x6  
  196  9:37  Baneling x10  
  196  9:41  Zergling x10  
  196  9:42  Spine Crawler  
  196  9:45  Spine Crawler  
  197  9:49  Overlord  
  197  9:51  Overlord  
  195  10:02  Greater Spire  
  195  10:03  Zerg Melee Weapons Level 1  
  195  10:06  Burrow  
  195  10:13  Drone x3  
  195  10:14  Drone  
  199  10:15  Spine Crawler  
  199  10:18  Hatchery  
  197  10:24  Adrenal Glands  
  197  10:32  Spine Crawler  
  197  10:33  Spine Crawler  
  195  10:53  Ultralisk Cavern  
  193  11:05  Zergling x12  
  180  11:21  Hatchery  
  176  11:25  Zergling x2  
  176  11:26  Zergling x36  
  188  11:33  Zergling x26  
  196  11:48  Baneling  
  196  11:49  Baneling x23  
  196  11:54  Extractor  
  195  12:02  Hatchery  
  189  12:18  Zerg Melee Weapons Level 2  
  189  12:20  Zerg Flyer Weapons Level 1  
  188  12:24  Zergling x22  
  188  12:27  Spine Crawler  
  188  12:28  Spine Crawler  
  188  12:29  Spine Crawler  
  191  12:43  Zergling x2  
  191  12:44  Zergling x42  
  187  13:05  Corruptor x8  
  191  13:16  Zergling x18  
  178  13:51  Corruptor x8  
  183  14:02  Baneling x6  
  179  14:15  Baneling x4  
  179  14:16  Baneling x14  
  174  14:25  Brood Lord  
  174  14:26  Brood Lord x2  
  174  14:28  Brood Lord x2  
  174  14:40  Brood Lord  
  174  14:41  Brood Lord  
  165  14:49  Brood Lord x2  
  168  14:59  Zergling x14  
  158  15:09  Drone  
  158  15:10  Drone x4  
Tags
 
Add a new tag
Caveats
  • Supply blocks, unpowered buildings, or Contaminate may cause inaccurate times.
  • Supply counts are checked every 10 seconds.